Map: Abiogenesis LE

Players

SpeCial

  • Race: Terran Terran
  • League: Master
  • Spawn Location: 11:00

Leenock - Winner!

  • Race: Zerg Zerg
  • League: Grandmaster
  • Spawn Location: 5:00

Event: Memes & Dreams Invitational

VOD

Have the link to the VOD?

Description

Time

  • Played on: April 14, 2018, 3:45 a.m.
  • Length: 10:49

All games in this series

Show
View Real Time Build Order
Export as new Build Order

SpeCial Terran 

Build Orders: Reaper Expand, MMM Bio 

Get SALT Encoding   

  12  0:00  SCV  
  13  0:12  SCV  
  14  0:18  Supply Depot  
  14  0:25  SCV  
  15  0:40  SCV  
  15  0:42  Barracks  
  16  0:44  Refinery  
  16  0:52  SCV  
  17  1:04  SCV  
  18  1:16  SCV  
  19  1:30  Reaper, Orbital Command  
  20  1:40  Command Center  
  20  1:55  SCV  
  20  1:56  Supply Depot  
  21  2:01  Marine  
  21  2:07  SCV  
  23  2:10  Factory  
  23  2:20  SCV  
  23  2:21  Refinery  
  24  2:24  Barracks Reactor  
  24  2:32  SCV  
  25  2:44  SCV  
  26  2:52  Orbital Command  
  26  2:56  SCV  
  27  2:59  Starport  
  27  3:07  Hellion x2  
  27  3:11  SCV  
  32  3:16  Barracks Tech Lab  
  32  3:17  Marine  
  33  3:20  Bunker  
  33  3:25  Supply Depot, SCV x2  
  35  3:28  Cyclone  
  38  3:38  Marine  
  42  3:43  Starport Tech Lab, Cyclone  
  42  3:53  SCV x2  
  42  3:55  Supply Depot  
  44  4:00  Supply Depot  
  42  4:04  Banshee  
  45  4:13  SCV  
  42  4:25  SCV  
  42  4:30  Barracks Tech Lab  
  43  4:31  SCV  
  43  4:32  Command Center  
  43  4:37  SCV  
  45  4:43  SCV  
  46  4:49  Stimpack  
  46  4:51  Supply Depot  
  46  5:02  Barracks  
  46  5:03  Barracks  
  46  5:13  SCV x2  
  48  5:16  Marine  
  48  5:17  Starport Reactor  
  48  5:19  Supply Depot  
  48  5:25  SCV x2  
  48  5:27  Siege Tank  
  53  5:34  Marine  
  54  5:41  SCV x2  
  56  5:43  Supply Depot  
  56  5:49  SCV  
  51  5:52  Marine  
  51  5:53  SCV x2  
  51  5:55  Engineering Bay  
  51  5:56  Engineering Bay  
  54  6:01  Siege Tank  
  54  6:03  Starport Reactor  
  57  6:05  Marine x2  
  57  6:07  Orbital Command  
  57  6:08  Barracks Reactor, SCV x2  
  61  6:11  Refinery  
  61  6:12  Refinery  
  61  6:13  Marine, Supply Depot  
  62  6:21  SCV  
  62  6:22  Marine  
  62  6:23  Marine  
  65  6:29  Terran Infantry Weapons Level 1, Terran Infantry Armor Level 1  
  65  6:31  Marine, SCV  
  65  6:32  Orbital Command  
  67  6:33  SCV  
  68  6:40  Marine  
  68  6:41  Marine  
  68  6:42  Supply Depot  
  68  6:43  SCV  
  68  6:45  SCV  
  68  6:46  Marine x2, Supply Depot  
  74  6:48  Marine, Supply Depot  
  74  6:49  Supply Depot  
  74  6:50  Medivac x2  
  76  6:54  Combat Shields  
  76  6:55  SCV  
  76  6:57  SCV x2  
  76  6:58  Marine  
  76  6:59  Marine, Barracks  
  81  7:04  Marine x2  
  81  7:05  Barracks  
  81  7:06  Marine  
  81  7:07  SCV  
  85  7:09  SCV x2  
  85  7:10  Siege Tank  
  85  7:13  Liberator  
  85  7:14  Supply Depot  
  90  7:16  Marine  
  90  7:19  Supply Depot, SCV  
  90  7:21  SCV x2  
  94  7:24  Marine  
  94  7:25  Marine  
  94  7:26  Marine x2  
  94  7:29  Medivac  
  102  7:31  SCV  
  102  7:33  SCV  
  102  7:35  Marine  
  106  7:37  Supply Depot  
  106  7:42  Marine  
  106  7:45  SCV x2  
  106  7:46  Armory  
  108  7:51  Marine x3  
  108  7:53  Missile Turret  
  108  7:56  Missile Turret  
  105  8:00  Barracks Reactor x2  
  102  8:08  SCV  
  102  8:09  SCV  
  102  8:11  Marine, Missile Turret  
  103  8:14  SCV  
  103  8:17  Marine  
  105  8:24  SCV x2  
  105  8:25  Marine x2  
  108  8:29  Marine x2  
  108  8:30  Medivac x2  
  108  8:31  SCV  
  108  8:33  Missile Turret  
  115  8:35  Marine  
  115  8:39  Supply Depot, Marine x2  
  117  8:42  Marine x3  
  117  8:46  Supply Depot  
  120  8:51  SCV x2  
  120  8:55  Supply Depot  
  122  8:56  Marine x2, Supply Depot  
  122  8:57  Marine  
  122  8:58  Marine  
  126  9:02  Marine  
  126  9:03  Marine x2  
  128  9:11  Marine  
  128  9:15  SCV x2  
  128  9:16  SCV  
  131  9:18  Marine  
  132  9:25  Marine  
  132  9:26  Marine x2  
  132  9:27  Marine x4  
  132  9:29  Marine  
  140  9:36  Marine  
  140  9:37  SCV x2  
  131  9:43  Medivac x2  
  131  9:44  SCV  
  135  9:46  Marine x3  
  135  9:49  Marine, SCV  
  135  9:52  Marine x2  
  141  9:54  Marine x2  
  141  9:55  Marine  
  141  9:59  Siege Tank  
  144  10:02  SCV x2  
  144  10:04  Marine x3  
  144  10:06  SCV  
  144  10:07  Marine  
  146  10:08  Missile Turret  
  146  10:09  Marine  
  147  10:14  SCV  
  147  10:18  Marine  
  147  10:20  Marine x2  
  147  10:21  Marine  
  145  10:24  SCV x2  
  136  10:30  Marine  
Show
View Real Time Build Order
Export as new Build Order

Leenock Zerg - Winner!

Build Orders: Hatch First, Muta Ling Bane 

Get SALT Encoding   

  12  0:00  Drone  
  13  0:12  Overlord  
  13  0:16  Drone  
  14  0:30  Drone  
  14  0:31  Drone  
  14  0:34  Drone  
  17  0:51  Hatchery  
  17  0:54  Drone  
  17  0:57  Drone  
  18  1:05  Extractor  
  17  1:13  Spawning Pool  
  17  1:15  Drone  
  17  1:19  Drone  
  18  1:27  Drone  
  19  1:38  Overlord  
  19  1:59  Queen, Zergling x2  
  19  2:00  Zergling x2  
  23  2:03  Queen  
  23  2:04  Zergling x2  
  26  2:11  Roach Warren  
  26  2:14  Drone  
  26  2:17  Drone  
  27  2:24  Drone  
  27  2:25  Drone  
  29  2:43  Overlord  
  29  2:51  Roach x3  
  35  3:01  Roach x2  
  39  3:10  Overlord, Roach x2  
  43  3:16  Overlord  
  43  3:26  Drone  
  44  3:31  Drone x4  
  44  3:33  Drone  
  49  3:35  Ravager x2  
  49  3:38  Drone  
  52  3:45  Drone  
  52  3:46  Drone  
  53  3:51  Drone x2  
  53  3:52  Drone  
  56  4:04  Queen  
  56  4:05  Overlord  
  56  4:07  Ravager  
  57  4:10  Overlord  
  57  4:13  Drone  
  57  4:14  Drone  
  53  4:24  Overlord  
  53  4:26  Drone x6  
  53  4:30  Overlord  
  59  4:33  Lair  
  59  4:34  Drone  
  60  4:39  Drone  
  60  4:44  Queen  
  63  4:46  Extractor, Drone  
  63  4:47  Extractor, Drone  
  63  4:48  Extractor  
  62  4:54  Drone  
  62  4:59  Hatchery  
  62  5:03  Drone x2  
  62  5:04  Spore Crawler  
  62  5:05  Drone x2  
  65  5:08  Roach  
  65  5:12  Spore Crawler, Overlord  
  66  5:23  Metabolic Boost  
  66  5:33  Zergling x2  
  66  5:34  Zergling x18  
  76  5:36  Ravager  
  77  5:52  Drone x2, Spire  
  77  5:55  Baneling Nest  
  77  5:59  Drone  
  77  6:00  Drone x6  
  77  6:01  Overlord  
  84  6:10  Overlord  
  83  6:11  Drone  
  83  6:13  Drone  
  85  6:21  Drone  
  85  6:23  Drone  
  85  6:27  Drone  
  85  6:28  Drone x6  
  85  6:32  Overlord  
  91  6:33  Drone  
  92  6:42  Overlord  
  90  6:48  Extractor  
  90  6:49  Extractor  
  88  6:57  Centrifical Hooks  
  88  7:04  Mutalisk  
  88  7:05  Mutalisk x5  
  88  7:07  Mutalisk  
  102  7:12  Drone x4  
  102  7:13  Drone x2  
  108  7:17  Evolution Chamber x2  
  108  7:18  Zerg Flyer Weapons Level 1  
  108  7:20  Overlord x3  
  108  7:21  Zergling x6  
  109  7:24  Burrow  
  109  7:27  Zergling x2  
  109  7:28  Zergling x2  
  109  7:29  Drone  
  112  7:46  Hatchery  
  112  7:48  Zergling x2  
  112  7:49  Zergling x8  
  112  7:50  Zerg Ground Armor Level 1, Zerg Melee Weapons Level 1  
  99  8:07  Mutalisk  
  99  8:11  Mutalisk x4  
  99  8:12  Zergling x2  
  110  8:13  Zergling x8  
  112  8:24  Zergling x4  
  112  8:25  Zergling x2  
  113  8:28  Zergling x10  
  113  8:29  Zergling x2  
  119  8:35  Zergling x2  
  119  8:36  Zergling x2  
  121  8:45  Zergling x2  
  121  8:46  Zergling x2  
  123  8:53  Baneling  
  123  8:54  Baneling x7  
  123  8:55  Baneling x5, Mutalisk  
  123  8:56  Mutalisk x2  
  123  8:59  Drone  
  132  9:03  Overlord x2  
  132  9:04  Drone  
  132  9:08  Zergling x2  
  131  9:18  Mutalisk x3  
  131  9:20  Zergling x10  
  140  9:28  Zergling x2  
  141  9:35  Zergling x2  
  141  9:36  Baneling, Zergling x10  
  141  9:37  Baneling x7  
  137  9:39  Zergling x2  
  137  9:41  Zergling x2  
  137  9:43  Zergling x2  
  135  9:46  Zergling x2  
  135  9:47  Zergling x2  
  133  9:53  Zergling x8  
  133  9:55  Zergling x8  
  141  10:03  Mutalisk x2, Zergling x8  
  146  10:08  Zergling x6  
  146  10:11  Zergling x6  
  150  10:29  Zergling x12  
  150  10:30  Zergling x8  
Tags
 
Add a new tag
Caveats
  • Supply blocks, unpowered buildings, or Contaminate may cause inaccurate times.
  • Supply counts are checked every 10 seconds.